 Dungeon Crawl Stone Soup version 0.30-b1-2-g02819fbbbe (webtiles) character file.

Game seed: 4649312478928214711

912 sanka the Magician (level 8, 0/56 HPs)
             Began as a Djinni Fighter on May 15, 2023.
             Was an Initiate of Makhleb.
             Slain by an orc warrior zombie
             ... wielding a +1 short sword of venom
              (1 damage)
             ... on level 4 of the Dungeon.
             The game lasted 00:07:25 (3764 turns).

sanka the Magician (Djinni Fighter)                 Turns: 3764, Time: 00:07:26

Health: 0/56       AC:  8    Str: 15    XL:     8   Next: 30%
Gold:   182        EV: 12    Int: 13    God:    Makhleb [......] SH:  5 Dex: 18

rFire   + + .        B - +0 long sword
rCold   x . .        c - +0 buckler
rNeg    . . .        j - +1 robe {Will+}
rPois   ∞            o - +2 hat
rElec   .            h - +0 cloak
rCorr   .            s - +1 pair of gloves
SInv    .            (boots unavailable)
Will    +....        k - amulet of faith
Stlth   ++           m - +6 ring of dexterity
HPRegen 0.29/turn    (no ring)
MPRegen 0.00/turn

%: faith, infuse magic (-1 HP)
@: mighty, flying
A: sickness immunity, fire resistance 2, cold vulnerability 1, float, innate
caster, HP casting, extra vitality 1
a: Renounce Religion


You were on level 4 of the Dungeon.
You worshipped Makhleb.
Makhleb was noncommittal.
You visited 2 branches of the dungeon, and saw 5 of its levels.

You collected 182 gold pieces.

Inventory:

Hand Weapons
 a - a +2 dagger of venom
 b - a +0 great sword
 B - a +0 long sword (weapon)
Missiles
 p - 10 javelins (quivered)
 C - 7 poisoned darts
Armour
 c - a +0 buckler (worn)
 h - a +0 cloak (worn)
 j - a +1 robe of willpower (worn)
 o - a +2 hat (worn)
 s - a +1 pair of gloves (worn)
 x - a +0 helmet
Magical Staves
 g - a staff of air
 v - a staff of air
Jewellery
 k - an amulet of faith (around neck)
 m - a +6 ring of dexterity (left hand)
Scrolls
 f - 6 scrolls of identify {unknown}
 i - 4 scrolls of amnesia {unknown}
 n - a scroll of enchant armour {unknown}
 r - 3 scrolls of teleportation {unknown}
 t - 2 scrolls of fog {unknown}
 u - a scroll of noise {unknown}
 y - 2 scrolls of fear {unknown}
 z - a scroll of magic mapping {unknown}
Potions
 d - 2 potions of might
 e - 2 potions of ambrosia {unknown}
 l - 4 potions of curing {unknown}
 q - 2 potions of degeneration {unknown}
 w - a potion of attraction {unknown}
 A - 2 potions of lignification {unknown}
 D - a potion of magic {unknown}
 E - a potion of resistance


   Skills:
 + Level 3.4 Fighting
 - Level 3.0 Long Blades
 - Level 3.0 Armour
 + Level 1.6 Dodging
 - Level 3.0 Shields
 - Level 6.1 Spellcasting


You knew the following spells:

 Your Spells              Type           Power      Damage    Failure   Level
a - Freeze                Ice            76%        1d8       1%          1
b - Wereblood             Tmut           19%        N/A       2%          2
c - Searing Ray           Conj           38%        2d5       2%          2
Your spell library was empty.

Dungeon Overview and Level Annotations

Branches:
Dungeon (4/15)             Temple (1/1) D:4

Altars:
Dithmenos
Fedhas
Gozag
Hepliaklqana
Makhleb
Nemelex Xobeh
Okawaru
Ru
Trog
Uskayaw
Wu Jian
Xom
The Shining One

Shops:
D:2 ?   D:4 :

Annotations:
D:4 1 transporter


Innate Abilities, Weirdness & Mutations

You are immune to sickness and miasma.
You are immune to poison.
Your flesh is very heat resistant. (rF++)
You are vulnerable to cold. (rC-)
You float through the air rather than walking.
You learn spells naturally, not from books.
Your magical power is your life essence.
You have superior vitality. (+4 MHP)


Message History

You closely miss the orc warrior zombie.
The orc warrior zombie barely misses you.
The gnoll sergeant zombie hits you from afar with a +3 spear of venom.
You slash the orc warrior zombie!
The orc warrior zombie is moderately damaged.
The gnoll sergeant zombie barely misses you.
The orc warrior zombie hits you but does no damage.
The gnoll sergeant zombie hits you from afar with a +3 spear of venom.
You barely miss the orc warrior zombie.
The orc warrior zombie is moderately damaged.
The orc warrior zombie hits you with a +2 short sword of venom!
The orc warrior zombie barely misses you.
The gnoll sergeant zombie hits you from afar with a +3 spear of venom.
The orc warrior zombie hits you with a +1 short sword of venom.
The orc warrior zombie hits you with a +2 short sword of venom!
The gnoll sergeant zombie hits you from afar with a +3 spear of venom.
* * * LOW HITPOINT WARNING * * *
You feel very mighty all of a sudden.
You block the gnoll sergeant zombie's attack.
The orc warrior zombie hits you with a +2 short sword of venom.
* * * LOW HITPOINT WARNING * * *
Unknown command.
You slash the orc warrior zombie!
The orc warrior zombie is severely damaged.
The gnoll sergeant zombie hits you from afar with a +3 spear of venom.
* * * LOW HITPOINT WARNING * * *
The orc warrior zombie barely misses you.
Unknown command.
You slice the orc warrior zombie!!
You destroy the orc warrior zombie!
Makhleb accepts your kill.
The gnoll sergeant zombie closely misses you.
The orc warrior zombie hits you with a +1 short sword of venom!
* * * LOW HITPOINT WARNING * * *
Unknown command.
You slash the orc warrior zombie!
The orc warrior zombie is moderately damaged.
The gnoll sergeant zombie misses you.
The orc warrior zombie hits you with a +1 short sword of venom.
You die...

#.......#.##..<...#..#........#
#..#..###.##..#.#.............#
..........#...................###
#..#..#####..©................#.#
......#.##########....>..........
.........#.○°°☼°○#...........##..
....[...##☼..°☼°°#......###......
.........#°○#©#○☼#...........#...
<)....#.##☼○...☼@#.......#.....#.
.........#○°#.#Z°#....#.###...###
......#.##....Z°○#.......#.....#.
........####°°○####.........##...
....##### °°○☼☼.. ##.##.#.#####..
....## #☼°°°°○..☼##.###...###...
.....# #○○○....°○##.##..#.....#.
.#...####°°°$:$...##.##.###...###
.#......#.°○[©[☼°○##.##..#..#..#.


You could see a gnoll sergeant zombie and an orc warrior zombie.

Vanquished Creatures
  Pikel (D:4)
  A bullfrog (D:4)
  Blork the orc (D:4)
  A scorpion (D:4)
  A hound (D:4)
  2 orc wizards (D:4)
  Robin (D:2)
  3 gnolls (D:4)
  An orc zombie (D:4)
  6 adders
  2 worms (D:2)
  4 dart slugs
  3 orcs (D:4)
  7 endoplasms
  3 giant cockroaches
  15 goblins
  9 hobgoblins
  2 jackals
  6 kobolds
  7 ball pythons
  3 bats
  6 frilled lizards
  7 rats
92 creatures vanquished.

Notes
Turn   | Place    | Note
-------+----------+-------------------------------------------
     0 | D:1      | sanka the Djinni Fighter began the quest for the Orb.
     0 | D:1      | Reached XP level 1. HP: 20/20 MP: 0/0
   239 | D:1      | Reached XP level 2. HP: 22/25 MP: 0/0
   966 | D:2      | Reached XP level 3. HP: 30/30 MP: 0/0
   966 | D:2      | Learned a level 1 spell: Freeze
  1083 | D:2      | Found a faded altar of an unknown god.
  1263 | D:2      | Reached skill level 1 in Spellcasting
  1467 | D:2      | Found Matilel's Magic Scroll Boutique.
  1635 | D:3      | Reached XP level 4. HP: 35/35 MP: 0/0
  1654 | D:3      | Noticed Robin
  1988 | D:3      | Reached skill level 2 in Spellcasting
  2088 | D:2      | Killed Robin
  2172 | D:3      | Reached XP level 5. HP: 40/40 MP: 0/0
  2172 | D:3      | Learned a level 2 spell: Wereblood
  2635 | D:4      | Reached skill level 3 in Spellcasting
  2635 | D:4      | Reached XP level 6. HP: 46/46 MP: 0/0
  2776 | D:4      | Reached skill level 4 in Spellcasting
  2909 | D:4      | Found a transporter.
  2947 | D:4      | Noticed Pikel
  2971 | D:4      | Killed Pikel
  2972 | D:4      | Reached skill level 6 in Spellcasting
  2972 | D:4      | Reached XP level 7. HP: 33/50 MP: 0/0
  2972 | D:4      | Learned a level 2 spell: Searing Ray
  2972 | D:4      | Reached XP level 8. HP: 37/56 MP: 0/0
  3178 | D:4      | Found Teudgh's Tremendous Tomes.
  3235 | D:4      | Noticed Blork the orc
  3243 | D:4      | Killed Blork the orc
  3244 | D:4      | Reached skill level 1 in Dodging
  3346 | D:4      | Found a transporter.
  3488 | D:4      | Found a staircase to the Ecumenical Temple.
  3535 | Temple   | Entered the Ecumenical Temple
  3659 | Temple   | Became a worshipper of Makhleb the Destroyer
  3763 | D:4      | HP: 1/56 [orc warrior zombie/+1 short sword of venom (8)]
  3764 | D:4      | Slain by an orc warrior zombie

Illustrated notes

Levels and vault maps discovered:
D:1:      amcnicky_arrival_abandoned_market, layout_loops_ring,
          minmay_octomino_c4
D:2:      layout_loops_ring, serial_glass, glass_columns_b, glass_columns_b,
          glass_columns_b, glass_columns_b, glass_columns_a, glass_columns_b,
          serial_shops, nicolae_shop_crystal, ebering_ecumenical_altar_ruins,
          basic_altar, minmay_between
D:3:      layout_rooms, minmay_increasing_density, uniq_robin
D:4:      gammafunk_cloud_chamber, layout_basic,
          minmay_temple_entry_butterflies, serial_glass, glass_columns_b,
          glass_columns_c, minmay_strange_pillars, minmay_strange_pillars,
          minmay_strange_pillars, item_on_display_a,
          nicolae_shop_i_like_big_books, kennysheep_small_circle, uniq_pikel,
          uniq_blork_the_orc
Temple:   jpeg_temple_clearing

Skill      XL: |  1  2  3  4  5  6  7  8 |
---------------+-------------------------+-----
Long Blades    | 2 3 |  3.0
Spellcasting   | 1 2 3 6 |  6.1
Dodging        | 1 |  1.6
Fighting       | |  3.4
Armour         | |  3.0
Shields        | |  3.0

Action                     |  1- 3 |  4- 6 |  7- 9 || total
---------------------------+-------+-------+-------++-------
  Melee: Long sword        |    99 |   110 |     6 ||   215
         Dagger            |       |    69 |    17 ||    86
   Cast: Wereblood         |       |     2 |       ||     2
         Freeze            |       |       |     3 ||     3
    Use: Potion            |       |       |     1 ||     1
 Armour: Scale mail        |    40 |   108 |       ||   148
         Robe              |       |       |     7 ||     7
         Skin              |       |       |     1 ||     1
  Dodge: Dodged            |    44 |    68 |    16 ||   128
  Block: Buckler           |    20 |    37 |     4 ||    61
